 Dungeon Crawl Stone Soup version 0.26-a0-712-ga5a9c9c9d0 (webtiles) character file.

Game seed: 998549895380257982

3125 kae the Transmogrifier (level 9, -5/70 HPs)
             Began as a Naga Transmuter on Nov 3, 2020.
             Slain by an orc warrior
             ... wielding a +0 long sword
              (32 damage)
             ... on level 7 of the Dungeon.
             The game lasted 00:07:57 (9312 turns).

kae the Transmogrifier (Naga Transmuter)            Turns: 9312, Time: 00:07:58

Health: -5/70      AC:  2    Str: 15    XL:     9   Next: 92%
Magic:  5/12       EV: 23    Int: 15    God:
Gold:   165        SH:  0    Dex: 16    Spells: 8/12 levels left

rFire    x . .     SeeInvis +     - Unarmed
rCold    + . .     Faith    .   (shield currently unavailable)
rNeg     . . .     Spirit   .   (armour currently unavailable)
rPois    x         Reflect  .   (helmet currently unavailable)
rElec    .         Harm     .   (cloak currently unavailable)
rCorr    .         Rampage  .   (gloves currently unavailable)
MR       +....                  (no barding)
Stlth    +.........             (no amulet)
HPRegen  0.21/turn              p - ring of ice
MPRegen  0.13/turn              g - +4 ring of evasion

@: spider-form
A: tiny, see invisible, spit poison 1, AC +3
a: Spit Poison, End Transformation


You were on level 7 of the Dungeon.
You were a venomous arachnid creature.
You visited 2 branches of the dungeon, and saw 8 of its levels.

You collected 245 gold pieces.
You spent 80 gold pieces at shops.

Inventory:

Armour
 a - a +0 robe (melded)
 l - a +1 cloak (melded)
Jewellery
 g - a +4 ring of evasion (right front leg)
 p - a ring of ice (left front leg)
Wands
 f - a wand of iceblast (10)
 k - a wand of random effects (32)
 o - a wand of disintegration (14)
Scrolls
 c - 2 scrolls of magic mapping
 e - a scroll of identify
 h - a scroll of random uselessness {unknown}
 i - 2 scrolls of remove curse
 n - a scroll of amnesia
 r - a scroll of holy word
Potions
 b - 6 potions of curing
 d - a potion of heal wounds
 j - a potion of ambrosia
 m - a potion of cancellation
 q - 3 potions of brilliance
 s - a potion of degeneration
 t - a potion of lignification


   Skills:
 - Level 1.0 Fighting
 - Level 1.5 Dodging
 + Level 8.2 Unarmed Combat
 - Level 2.0 Spellcasting
 * Level 10.9 Transmutations
 - Level 3.0 Poison Magic


You had 8 spell levels left.
You knew the following spells:

 Your Spells              Type           Power        Failure   Level
a - Beastly Appendage     Tmut           ####..       2%          1
b - Spider Form           Tmut/Pois      ###.......   12%         3

Your spell library contained the following spells:

 Spells                   Type           Power        Failure   Level
 Wereblood                Tmut           ####....     3%          2
 Blade Hands              Tmut           ####......   19%         5
 Ice Form                 Ice/Tmut       ####....     45%         4


Dungeon Overview and Level Annotations

Branches:
Dungeon (7/15)             Temple (1/1) D:6

Altars:
Ashenzari
Dithmenos
Fedhas
Gozag
Hepliaklqana
Kikubaaqudgha
Makhleb
Nemelex Xobeh
Okawaru
Ru
Sif Muna
Trog
Uskayaw
Wu Jian
Yredelemnul
Zin
The Shining One
Lugonu

Shops:
D:5 *   D:6 !   D:7 *

Annotations:
D:4 2 transporters, p0werm0de's ghost, novice DsCK
D:5 1 runed translucent door, kae's ghost, novice NaTm


Innate Abilities, Weirdness & Mutations

You cannot wear boots.
((Your serpentine skin is tough. (AC +3)))
You have supernaturally acute eyesight. (SInv)
((Armour fits poorly on your strangely shaped body.))
((Your system is resistant to poisons. (rPois)))
((You cover ground very slowly.))
You can spit poison.


Message History

The orc wizard flickers and vanishes for a moment.
Casting: Spider Form (dangerous; 3% risk of failure)
Confirm with . or Enter, or press ? or * to list all spells.
You turn into a venomous arachnid creature.
Your +1 cloak melds into your body.
Your +0 robe melds into your body.
The orc warrior closely misses you. The orc wizard casts a spell at you.
The magic dart hits you! The orc completely misses you.
The orc wizard completely misses you. The orc warrior misses you.
The orc wizard hits you with a +0 dagger. x2
The orc misses you. The orc warrior misses you.
You hit the orc warrior.
The orc warrior looks as sick as possible!
The orc warrior is almost dead.
The orc wizard barely misses you. The orc wizard casts a spell at you.
You resist with almost no effort.
The orc warrior hits you with a +0 long sword!!
You die...

... ..... ### #.....
##.###......
###...#.........
#..............#
#...)oo........
##...so....... ..
#.....o.....# ...
##....รท.##.########...
##..)))#).#..........
###..#..............
####......#.......
##.....#.......
#.............
##.#...)......


You could see an orc warrior (berserk, extremely poisoned), 2 orc wizards and an
orc.

Vanquished Creatures
  Pikel (D:4)
  Grinder (D:3)
  Sigmund (D:6)
  Menkaure (D:4)
  Duvessa (D:6)
  An orc warrior (D:6)
  A black bear (D:7)
  An ice beast (D:6)
  A sky beast (D:6)
  An ogre (D:5)
  Blork the orc (D:4)
  2 bullfrogs
  A big kobold (D:6)
  A wyvern zombie (D:6)
  Dowan (D:6)
  A wyvern skeleton (D:7)
  4 wights (D:7)
  A howler monkey (D:4)
  A jelly (D:6)
  A bullfrog skeleton (D:6)
  2 orc priests
  2 hounds
  3 iron imps (D:5)
  5 orc wizards
  Ijyb (D:3)
  Crazy Yiuf (D:2)
  An iguana (D:6)
  3 worker ants
  2 hound zombies
  2 hound skeletons (D:6)
  A worker ant zombie (D:5)
  Robin (D:3)
  9 gnolls
  13 adders
  A shadow imp (D:6)
  An ufetubus (D:7)
  4 worms
  3 leopard geckos
  22 orcs
  10 bats
  3 giant cockroaches
  20 goblins
  14 hobgoblins
  10 jackals
  2 quokkas
  2 ball pythons
  6 frilled lizards
  A jackal skeleton (D:4)
  16 kobolds
  6 rats
191 creatures vanquished.

Notes
Turn   | Place    | Note
-------+----------+-------------------------------------------
     0 | D:1      | kae the Naga Transmuter began the quest for the Orb.
     0 | D:1      | Reached XP level 1. HP: 18/18 MP: 3/3
   308 | D:1      | Reached XP level 2. HP: 8/25 MP: 3/5
  1072 | D:1      | Reached skill level 3 in Transmutations
  1109 | D:1      | Reached XP level 3. HP: 24/31 MP: 4/6
  1752 | D:2      | Found a broken altar of Ashenzari.
  2175 | D:1      | Learned a level 3 spell: Spider Form
  2193 | D:2      | Reached skill level 1 in Poison Magic
  2193 | D:2      | Reached XP level 4. HP: 37/38 MP: 1/7
  2760 | D:2      | Found a sacrificial altar of Ru.
  3203 | D:2      | Reached XP level 5. HP: 22/44 MP: 8/8
  3405 | D:2      | Reached skill level 4 in Transmutations
  3460 | D:2      | Found a hide-covered altar of Uskayaw.
  3769 | D:2      | Found a runed translucent door.
  3770 | D:2      | Noticed Crazy Yiuf
  3784 | D:2      | Killed Crazy Yiuf
  4333 | D:3      | Reached XP level 6. HP: 50/51 MP: 5/9
  4607 | D:3      | Noticed an orc warrior
  4618 | D:3      | Noticed Robin
  4655 | D:3      | Killed Robin
  4655 | D:3      | Reached skill level 5 in Transmutations
  4828 | D:3      | Noticed Grinder
  4851 | D:3      | Killed Grinder
  4851 | D:3      | Reached XP level 7. HP: 33/57 MP: 5/10
  5106 | D:3      | Noticed Ijyb
  5117 | D:3      | Killed Ijyb
  5117 | D:3      | Reached skill level 6 in Transmutations
  5415 | D:4      | Noticed Blork the orc
  5417 | D:4      | Reached skill level 5 in Unarmed Combat
  5608 | D:4      | Found a transporter.
  5608 | D:4      | Found a transporter.
  5608 | D:4      | Noticed p0werm0de's ghost (novice DsCK)
  5645 | D:4      | Found a shimmering blue altar of Sif Muna.
  5666 | D:4      | Killed Blork the orc
  5800 | D:4      | Noticed Pikel
  5812 | D:4      | Killed Pikel
  5812 | D:4      | Reached skill level 7 in Transmutations
  5812 | D:4      | Reached XP level 8. HP: 31/64 MP: 8/11
  6128 | D:4      | Noticed Menkaure
  6138 | D:4      | Killed Menkaure
  6138 | D:4      | Reached skill level 8 in Transmutations
  6344 | D:5      | Entered Level 5 of the Dungeon
  6350 | D:5      | Found Zaom Bubb's Assorted Antiques.
  6389 | D:5      | Bought a green potion for 14 gold pieces
  6389 | D:5      | Bought a blue potion for 14 gold pieces
  6462 | D:5      | Found a burning altar of Makhleb.
  6728 | D:5      | Found a runed translucent door.
  6730 | D:5      | Noticed kae's ghost (novice NaTm)
  7085 | D:5      | Found an iron altar of Okawaru.
  7290 | D:6      | Reached skill level 9 in Transmutations
  7290 | D:6      | Reached XP level 9. HP: 61/70 MP: 9/12
  7448 | D:6      | Found a staircase to the Ecumenical Temple.
  7464 | Temple   | Entered the Ecumenical Temple
  7664 | D:6      | Noticed Sigmund
  7674 | D:6      | Killed Sigmund
  7846 | D:6      | Found Ohocoh's Distillery.
  7849 | D:6      | Bought a potion of degeneration for 13 gold pieces
  7849 | D:6      | Bought a potion of lignification for 39 gold pieces
  7939 | D:6      | Reached skill level 10 in Transmutations
  8043 | D:6      | Found a blossoming altar of Fedhas.
  8110 | D:6      | Found an opulent altar of Gozag.
  8376 | D:6      | Noticed Duvessa
  8388 | D:6      | Killed Duvessa
  8388 | D:6      | Noticed Dowan
  8394 | D:6      | Killed Dowan
  8774 | D:7      | Found Qualluqom's General Store.
  8930 | D:7      | Found a hazy altar of Hepliaklqana.
  9299 | D:7      | Paralysed by an orc warrior for 6 turns
  9312 | D:7      | Slain by an orc warrior

Illustrated notes

Levels and vault maps discovered:
D:1:      tarquinn_simple_flora_water_a, layout_loops_ring, nrook_mini_backslash
D:2:      layout_basic, overflow_temple_1_default,
          ashenzari_conservatory_becter, lemuel_round_altar, hex_tiny,
          uniq_crazy_yiuf_cottage
D:3:      layout_basic, lightli_corner_chamber, uniq_grinder, uniq_ijyb,
          uniq_robin
D:4:      layout_rooms, kennysheep_mini, gammafunk_ghost_mausoleum,
          uniq_blork_the_orc, uniq_pikel, uniq_menkaure
D:5:      layout_rooms, demons_altar, lemuel_coloured_pillars_altar,
          ebering_ghost_sewer_d, serial_shops, nicolae_shop_stone
D:6:      layout_basic, overflow_temple_1_default, nicolae_gozag_seed_capital,
          minmay_temple_entry_butterflies, serial_shops,
          nicolae_shop_behind_doors, uniq_sigmund, uniq_duvessa
D:7:      layout_cave_pools, nicolae_overflow_hidden_temple,
          ebering_ghost_inner_flame, serial_shops, shop_fountains, shop, shop
Temple:   corrupted_temple

Skill      XL: |  1  2  3  4  5  6  7  8  9 |
---------------+----------------------------+-----
Transmutations | 3 4 5 7 9 10 | 10.9
Poison Magic   | 1 2 3 |  3.0
Unarmed Combat | 4 6 8 |  8.2
Fighting       | |  1.0
Dodging        | |  1.5
Spellcasting   | |  2.0

Action                   |  1- 3 |  4- 6 |  7- 9 || total
-------------------------+-------+-------+-------++-------
Melee: Unarmed           |   113 |   175 |   322 ||   610
       Headbutt          |     4 |    11 |       ||    15
       Punch             |       |     1 |       ||     1
 Cast: Beastly Appendage |    19 |    15 |       ||    34
       Spider Form       |     1 |    10 |    46 ||    57
 Abil: Spit Poison       |     8 |    27 |    22 ||    57
  Use: Potion            |     2 |       |       ||     2
       Scroll            |       |     5 |     8 ||    13
 Stab: Sleeping          |       |     2 |     1 ||     3
Armor: Robe              |    17 |    21 |     7 ||    45
       Skin              |       |     3 |     7 ||    10
Dodge: Dodged            |    59 |   132 |   305 ||   496

Table legend: (Time is in decaauts)
 A = Elapsed time spent in this place.
 B = Non-inter-level travel time spent in this place.
 C = Inter-level travel time spent in this place.
 D = Time resting spent in this place.
 E = Time spent auto-exploring this place.
 F = Levels seen in this place.
 G = Mean time per level.
                   A        B        C        D        E       F      G
               +--------+--------+--------+--------+--------+-----+--------+
         Total |  10456 |  10038 |    418 |    463 |   8133 |   8 | 1307.0 |
       Dungeon |  10353 |   9952 |    401 |    463 |   8052 |   7 | 1479.0 |
        Temple |    103 |     86 |     17 |      0 |     81 |   1 |  103.0 |
               +--------+--------+--------+--------+--------+-----+--------+

Top non-repeatable levels by time:
     D:2: 2262 daAuts
     D:1: 2212 daAuts
     D:6: 1745 daAuts
     D:3: 1604 daAuts
     D:5: 988 daAuts
     D:4: 984 daAuts
     D:7: 555 daAuts
  Temple: 103 daAuts
